 Dungeon Crawl Stone Soup version 0.31-a0-187-gba352fbbf7 (webtiles) character file.

Game seed: 9831122742155196468

175859 Pooter the Warrior (level 17, 0/142 HPs)
             Began as a Minotaur Berserker on June 20, 2023.
             Was a High Priest of Trog.
             Slain by a tyrant leech (5 damage)
             ... on level 2 of the Swamp on June 23, 2023.
             The game lasted 02:48:52 (37922 turns).

Pooter the Warrior (Minotaur Berserker)            Turns: 37922, Time: 02:48:52

Health: 0/142      AC: 31    Str: 36    XL:     17   Next: 49%
Magic:  16/16      EV: 15    Int:  4    God:    Trog [*****.]
Gold:   123        SH:  0    Dex: 23    Spells: 16/16 levels left

rFire   . . .        a - +9 eveningstar "Deheubli" {protect, *Noise rPois Will- Stlth+}
rCold   + + .        (no shield)
rNeg    . . .        X - +3 plate armour "Ittomar" {Drain +Inv rC++ Dex+4}
rPois   +            (helmet restricted)
rElec   .            l - +0 cloak
rCorr   +            N - +0 pair of gloves {hurl}
SInv    .            c - +3 pair of seven-league boots {Rampage+∞}
Will    +....        e - amulet of the acrobat
Stlth   +            w - +4 ring of slaying
HPRegen 0.43/turn    C - ring "Dywk" {Will+ rCorr Str+6 Dex+7 Stlth-}
MPRegen 0.15/turn

%: acrobat, rampage+∞
@: under a protective aura, on berserk cooldown, slowed, very slow
A: horns 2, retaliatory headbutt, talons 1, thin skeletal structure 1, frail 1,
wild magic 1
a: Renounce Religion, Evoke Invisibility, Berserk, Trog's Hand, Brothers in Arms


You were on level 2 of the Swamp.
You worshipped Trog.
Trog was extremely pleased with you.
You visited 5 branches of the dungeon, and saw 27 of its levels.

You collected 2385 gold pieces.
You spent 2262 gold pieces at shops.

Inventory:

Hand Weapons
 a - the +9 eveningstar "Deheubli" (weapon) {protect, *Noise rPois Will- Stlth+}
   (You acquired it on level 12 of the Dungeon)

   rPois:     It protects you from poison.
   *Noise:    It may make noises in combat.
   Will:      It decreases your willpower.
   Stlth:     It makes you more stealthy.
 b - the +11 arbalest of Linearity {heavy, rC+ rN++}
   (You bought it in a shop on level 15 of the Dungeon)

   rC:        It protects you from cold.
   rN:        It greatly protects you from negative energy.
 n - a +1 demon trident of venom
   (You found it on level 5 of the Dungeon)
 o - a +4 battleaxe of draining
   (You subdued it on level 3 of the Elven Halls)
 Z - the +10 morningstar "Haramuts" {freeze, *Slow Int+5 Dex+3}
   (You found it on level 1 of the Orcish Mines)

   Int:       It affects your intelligence (+5).
   Dex:       It affects your dexterity (+3).
   *Slow:     It may slow you when you take damage.
Missiles
 s - 6 boomerangs (quivered)
 u - 7 curare-tipped darts
 B - 2 poisoned darts
Armour
 c - the +3 pair of seven-league boots (worn) {Rampage+∞}
   (You found it on level 1 of the Lair of Beasts)

   Rampage+∞: When moving toward enemies, its wearer moves as far as possible,
   alerting their target en route.
 l - a +0 cloak (worn)
   (You found it on level 1 of the Dungeon)
 J - a +2 plate armour
   (You found it on level 10 of the Dungeon)
 N - a +0 pair of gloves of hurling (worn)
   (You bought it in a shop on level 2 of the Orcish Mines)
 R - a scarf of shadows
   (You found it on level 3 of the Lair of Beasts)
 X - the +3 plate armour "Ittomar" (worn) {Drain +Inv rC++ Dex+4}
   (You found it on level 11 of the Dungeon)

   Dex:       It affects your dexterity (+4).
   rC:        It greatly protects you from cold.
   +Inv:      It lets you turn invisible.
   Drain:     It drains your maximum health when unequipped.
Jewellery
 e - an amulet of the acrobat (around neck)
   (You took it off a deep elf knight on level 1 of the Elven Halls)
 w - a +4 ring of slaying (left hand)
   (You bought it in a shop on level 8 of the Dungeon)
 C - the ring "Dywk" (right hand) {Will+ rCorr Str+6 Dex+7 Stlth-}
   (You acquired it on level 12 of the Dungeon)

   [ring of strength]

   Str:       It affects your strength (+6).
   Dex:       It affects your dexterity (+7).
   rCorr:     It protects you from acid and corrosion.
   Will:      It increases your willpower.
   Stlth:     It makes you less stealthy.
 G - an amulet of reflection
   (You found it on level 3 of the Dungeon)
 H - a ring of ice
   (You found it on level 10 of the Dungeon)
 I - the ring of the Ancients {rC+ Str+4}
   (You took it off a fire giant on level 12 of the Dungeon)

   [ring of protection from cold]

   Str:       It affects your strength (+4).
   rC:        It protects you from cold.
 M - a ring of flight
   (You bought it in a shop on level 8 of the Dungeon)
 O - the ring of the Tortoise {AC+8}
   (You found it on level 8 of the Dungeon)

   [ring of protection]

   AC:        It affects your AC (+8).
 P - a ring of poison resistance
   (You bought it in a shop on level 8 of the Dungeon)
 S - a ring of see invisible
   (You found it on level 1 of the Dungeon)
Wands
 f - a wand of flame (48)
   (You found it on level 2 of the Lair of Beasts)
 g - a wand of roots (19)
   (You found it on level 8 of the Dungeon)
 D - a wand of digging (5)
   (You took it off Nergalle on level 2 of the Lair of Beasts)
 K - a wand of polymorph (4)
   (You found it on level 1 of the Lair of Beasts)
 T - a wand of charming (23)
   (You found it on level 3 of the Lair of Beasts)
 W - a wand of light (4)
   (You found it on level 11 of the Dungeon)
Scrolls
 h - 2 scrolls of fog
 i - 3 scrolls of identify {@r1}
 p - 2 scrolls of revelation
 r - 4 scrolls of blinking
 t - 9 scrolls of teleportation {@r4}
 v - a scroll of silence
 x - 2 scrolls of poison {!r}
 A - a scroll of immolation {!r}
 L - a scroll of enchant weapon
Potions
 d - 2 potions of might
 j - 2 potions of enlightenment
 k - a potion of lignification {!q}
 m - 3 potions of attraction {!q}
 q - 2 potions of cancellation
 z - 12 potions of curing {@q1}
 E - 3 potions of haste {@q3}
 F - a potion of invisibility
 U - 2 potions of ambrosia
Miscellaneous
 y - a piece from Xom's chessboard (15/15)
   (You found it on level 4 of the Dungeon)
 Q - a phantom mirror
   (You found it on level 12 of the Dungeon)
 V - a sack of spiders
   (You found it on level 5 of the Lair of Beasts)
 Y - a condenser vane
   (You found it on level 15 of the Dungeon)


   Skills:
 + Level 15.8 Fighting
 + Level 12.8(17.1) Axes
 - Level 14.1(16.1) Maces & Flails
 - Level 12.2(14.5) Polearms
 * Level 15.4 Ranged Weapons
 + Level 9.4 Armour
 - Level 9.8 Dodging
 - Level 7.8 Stealth
 - Level 11.6 Shields
 - Level 7.8 Evocations


You had 16 spell levels left.
You didn't know any spells.
Your spell library was empty.

Dungeon Overview and Level Annotations

Branches:
Dungeon (15/15)            Temple (0/1) D:5            Lair (5/5) D:10
  Swamp (2/4) Lair:2        Snake (0/4) Lair:3        Slime (0/5) Lair:4
    Orc (2/2) D:10            Elf (3/3) Orc:2        Vaults (0/5) D:14
 Depths (0/4) D:15

Altars:
Ashenzari
Cheibriados
Dithmenos
Fedhas
Gozag
Hepliaklqana
Kikubaaqudgha
Makhleb
Qazlal
Ru
Sif Muna
Uskayaw
Vehumet
Wu Jian
Xom
The Shining One
Jiyva

Shops:
D:8 =   D:15 *(:   Orc:2 *([*=   Elf:1 !   Elf:3 [*!?

Annotations:
Swamp:2 Louise
Elf:2 5 runed translucent doors


Innate Abilities, Weirdness & Mutations

You have a pair of horns on your head.
You reflexively headbutt those who attack you in melee.
You have sharp toenails.
You have a somewhat thin skeletal structure. (Dex +2, Stealth+)
You are frail. (-10% HP)
Your spells are a little harder to cast, but a little more powerful.


Message History

The will-o-the-wisp gestures.
The will-o-the-wisp conjures some foxfire! 2 foxfires come into view.
You sock the alligator!
Your eveningstar "Deheubli" starts to sob noisily.
You kill the alligator!
Trog accepts your kill.
You hear a roar!
The foxfire hits you but does no damage.
The tyrant leech bites you but does no damage.
The foxfire hits you but does no damage.
The will-o-the-wisp gestures.
The will-o-the-wisp conjures some foxfire!
The hornet misses you. You furiously retaliate!
You headbutt the hornet!! 2 foxfires come into view.
You see here an alligator corpse.
You impale the will-o-the-wisp!! You headbutt the will-o-the-wisp!
You destroy the will-o-the-wisp!
Trog accepts your kill. Louise gestures at you while chanting.
The stone arrow hits you!!
* * * LOW HITPOINT WARNING * * *
The tyrant leech bites you but does no damage.
You skewer the hornet like a kebab!!!
You kill the hornet!
Trog accepts your kill. Louise closely misses you.
Found 17 gold pieces.
You feel a strong urge to attack something.
You are no longer berserk.
You are exhausted.
You feel yourself slow down. Louise casts a spell at you.
The stone arrow hits you!!
* * * LOW HITPOINT WARNING * * *
Unknown command.
Louise blocks your attack. x2; Louise splashes around in the water.
You bludgeon Louise!! You headbutt Louise.
The tyrant leech bites you but does no damage.
Louise completely misses you. You furiously retaliate!
You headbutt Louise. Louise blocks your attack.
You headbutt Louise, but do no damage. Louise gestures at you while chanting.
The stone arrow hits you!
* * * LOW HITPOINT WARNING * * *
The tyrant leech completely misses you. You furiously retaliate!
You headbutt the tyrant leech! You thump Louise!
Louise splashes around in the water.
Louise blocks your attack.
You headbutt Louise, but do no damage. The tyrant leech bites you.
You die...

♣♣♣..♣♣♣♣♣○♣♣ ♣♣
♣~........)♣♣§♣♣
♣♣........†....♣♣
♣..######.#..~~~♣♣
♣.. #...#†.~..~♣♣
♣..
#.........♣.♣♣♣
♣..
#÷.#.†........♣
♣..
#...#..~.~..~.$
........w@@.~.~.~
..#.$.#....~.~.~.
# ##.##....~.....
......§..~..~..
............~~~~
.........~.~.~.~
...~..........~
..~.~~..~§~....


You could see Louise and a tyrant leech.

Vanquished Creatures
  Rupert (D:12)
  Roxanne (Elf:1)
  Donald (Elf:3)
  A fenstrider witch (Swamp:1)
  3 fire giants (D:12)
  A frost giant (D:12)
  A deep elf elementalist (Elf:1)
  A war gargoyle (D:12)
  An eleionoma (Swamp:1)
  2 stone giants
  2 deep elf demonologists
  3 bunyips
  2 deep elf death magi (Elf:2)
  Josephine (Lair:3)
  An ettin (Orc:2)
  A deep elf high priest (Elf:3)
  A fire dragon (D:15)
  2 yaktaur captains (D:12)
  A shambling mangrove (Swamp:2)
  2 rakshasas
  12 hydras
  The ghost of Aphyov the Severer, a journeyman HOFi of Beogh (Orc:1)
  3 ogre magi
  A catoblepas (Lair:5)
  10 boulder beetles
  3 centaur warriors
  10 two-headed ogres
  2 alligators
  A deep troll earth mage (D:12)
  A deep troll shaman (Lair:5)
  14 dancing weapons
  11 death yaks
  3 orc high priests
  Nergalle (Lair:2)
  23 deep elf knights
  2 skysharks (Lair:3)
  4 spriggans (Swamp:1)
  Amaemon (Lair:1)
  Lodul (D:13)
  4 goliath frogs
  2 deep trolls (Orc:2)
  A wizard (D:14)
  4 bog bodies
  A spriggan druid (Swamp:1)
  A lindwurm (Lair:3)
  3 swamp dragons (Swamp:1)
  The ghost of olmar the Protected, a novice AtFi (D:7)
  15 deep elf archers
  22 deep elf pyromancers
  The ghost of pokeman the Thaumaturge, a novice DEHW of Vehumet (D:8)
  An orc knight (Orc:1)
  16 deep elf zephyrmancers
  An orc sorcerer (Orc:2)
  A wolf spider (D:12)
  2 will-o-the-wisps
  5 manticores
  20 ugly things
  17 elephants
  7 cyclopes
  A guardian serpent (Lair:1)
  3 black mambas
  A rime drake (Lair:4)
  7 cane toads
  An unseen horror (D:13)
  Psyche (D:9)
  An orange demon (Lair:1)
  A kobold demonologist (D:11)
  10 komodo dragons
  A yaktaur (D:12)
  A freezing wraith (D:12)
  2 efreet
  12 trolls
  5 tyrant leeches
  3 polar bears
  A merfolk (shapeshifter) (D:12)
  3 bloated husks
  A raiju (shapeshifter) (D:12)
  7 hornets
  The ghost of Moral the Trooper, an amateur GrFi (D:4)
  6 dream sheep (Lair:3)
  18 blink frogs
  10 slime creatures
  A centaur simulacrum (D:15)
  A shadow (D:12)
  3 water elementals
  6 air elementals
  36 yaks
  A fire elemental (Elf:2)
  A vampire (D:10)
  10 wraiths
  2 steam dragons
  2 vampire mosquitoes
  4 wyverns
  3 basilisks
  A golden eye (shapeshifter) (Elf:1)
  Grum (D:8)
  4 swamp worms
  A warg (Orc:2)
  2 nagas (Lair:3)
  4 acid dragons
  A floating eye (shapeshifter) (Elf:3)
  20 water moccasins
  4 swamp drakes (Swamp:1)
  Duvessa (D:7)
  2 ice beasts
  28 ogres
  17 orc warriors
  A sky beast (D:6)
  3 black bears
  16 wolves
  3 centaurs (D:8)
  2 phantoms
  8 bullfrogs
  An earth elemental (Elf:1)
  3 scorpions
  13 wights
  Dowan (D:7)
  6 killer bees (D:9)
  2 electric eels
  4 howler monkeys
  9 jellies
  Crazy Yiuf (D:5)
  4 hounds
  12 orc priests
  Jessica (D:2)
  4 iguanas
  27 orc wizards
  8 hell rats (Lair:5)
  A bullfrog simulacrum (D:4)
  A scorpion simulacrum (D:4)
  A mummy (D:13)
  3 gnolls (D:3)
  6 adders
  6 river rats (Lair:5)
  A hound simulacrum (D:4)
  15 white imps
  An ufetubus (D:4)
  2 dart slugs (D:2)
  An adder simulacrum (D:4)
  55 orcs
  4 bats
  8 endoplasms
  4 giant cockroaches
  9 goblins
  6 hobgoblins
  5 quokkas
  4 ball pythons
  2 frilled lizards
  5 kobolds
  4 rats
  2 butterflies (D:4)
786 creatures vanquished.

Vanquished Creatures (others)
  A deep elf knight (Elf:3)
  A deep elf pyromancer (Elf:2)
  12 foxfires
14 creatures vanquished.

Grand Total: 800 creatures vanquished

Notes
Turn   | Place    | Note
-------+----------+-------------------------------------------
     0 | D:1      | Pooter the Minotaur Berserker began the quest for the Orb.
     0 | D:1      | Reached XP level 1. HP: 19/19 MP: 0/0
     6 | D:1      | Noticed a servant of whispers
     6 | D:1      | Noticed a komodo dragon
     7 | D:1      | Noticed a yaktaur
   131 | D:1      | Reached XP level 2. HP: 24/27 MP: 1/1
   238 | D:1      | Reached skill level 1 in Stealth
   883 | D:2      | Reached XP level 3. HP: 29/33 MP: 2/2
  1385 | D:2      | Noticed Jessica
  1393 | D:2      | Killed Jessica
  1394 | D:2      | Reached skill level 1 in Ranged Weapons
  1515 | D:3      | Reached skill level 1 in Shields
  1515 | D:3      | Reached XP level 4. HP: 40/40 MP: 3/3
  1520 | D:3      | Reached ** piety under Trog
  1652 | D:3      | Found an ornate altar of the Wu Jian Council.
  1700 | D:3      | Noticed a scorpion
  1707 | D:3      | Killed a scorpion
  1708 | D:3      | Reached skill level 5 in Axes
  1708 | D:3      | Reached XP level 5. HP: 47/47 MP: 4/4
  2130 | D:3      | Found a glowing golden altar of the Shining One.
  2325 | D:4      | Noticed Moral's ghost (amateur GrFi)
  2386 | D:4      | Found an opulent altar of Gozag.
  2395 | D:4      | Found a runed translucent gate.
  2397 | D:4      | Found a runed translucent gate.
  2416 | D:4      | Found a runed translucent gate.
  2453 | D:4      | Noticed a phantom
  2467 | D:4      | Killed a phantom
  2468 | D:4      | Reached XP level 6. HP: 53/55 MP: 5/5
  2745 | D:4      | Found a shimmering altar of Xom.
  2846 | D:5      | Entered Level 5 of the Dungeon
  2848 | D:5      | Noticed an ice beast
  2867 | D:5      | Killed an ice beast
  2868 | D:5      | Reached skill level 5 in Fighting
  2931 | D:5      | Identified the +3 robe of Xeumees {Fly Int+3}
  2996 | D:5      | Reached XP level 7. HP: 59/61 MP: 6/6
  3026 | D:5      | Found a runed translucent door.
  3027 | D:5      | Noticed Crazy Yiuf
  3210 | D:5      | Reached skill level 1 in Polearms
  3298 | D:5      | Found a staircase to the Ecumenical Temple.
  3807 | D:6      | Reached skill level 5 in Ranged Weapons
  4078 | D:6      | Reached XP level 8. HP: 54/70 MP: 7/7
  4163 | D:6      | Found a blossoming altar of Fedhas.
  4164 | D:6      | Found a broken altar of Ashenzari.
  4166 | D:6      | Found a stormy altar of Qazlal.
  4167 | D:6      | Found an ancient bone altar of Kikubaaqudgha.
  4992 | D:7      | Reached skill level 5 in Polearms
  4996 | D:7      | Noticed Dowan
  4997 | D:7      | Noticed Duvessa
  5011 | D:7      | Killed Dowan
  5015 | D:7      | Killed Duvessa
  5016 | D:7      | Reached skill level 5 in Shields
  5016 | D:7      | Reached XP level 9. HP: 55/78 MP: 8/8
  5366 | D:7      | Found a runed translucent door.
  5406 | D:7      | Noticed olmar's ghost (novice AtFi)
  5573 | D:8      | Found the ring of the Tortoise {AC+8}
  5581 | D:8      | Reached *** piety under Trog
  5930 | D:8      | Found a sacrificial altar of Ru.
  5930 | D:8      | Found a hazy altar of Hepliaklqana.
  5930 | D:8      | Found a radiant altar of Vehumet.
  6023 | D:8      | Found Kuejyir's Jewellery Emporium.
  6026 | D:8      | Bought a ring of poison resistance for 260 gold pieces
  6066 | D:8      | Found a shadowy altar of Dithmenos.
  6310 | D:8      | Noticed Grum
  6319 | D:8      | Killed Grum
  7080 | D:8      | Found a runed translucent door.
  7082 | D:8      | Noticed pokeman's ghost (novice DEHW)
  7273 | D:8      | Killed pokeman's ghost
  7274 | D:8      | Reached XP level 10. HP: 79/88 MP: 9/9
  8207 | D:9      | Noticed Psyche
  8225 | D:9      | Killed Psyche
  8560 | D:10     | Entered Level 10 of the Dungeon
  8643 | D:10     | Found a staircase to the Lair.
  8690 | D:10     | Found a staircase to the Orcish Mines.
  8876 | D:10     | Identified the +0 robe of Servitude {Dex+3 Stlth+}
  8993 | D:10     | Identified the +1 robe of Nanasul {Dex+3 Slay+3 SInv}
  8996 | D:10     | Found a burning altar of Makhleb.
  9281 | Orc:1    | Entered Level 1 of the Orcish Mines
  9448 | Orc:1    | Reached XP level 11. HP: 95/95 MP: 10/10
  9522 | Orc:1    | Reached skill level 10 in Ranged Weapons
  9568 | Orc:1    | Found a runed translucent door.
  9572 | Orc:1    | Found a shimmering altar of Xom.
  9572 | Orc:1    | Noticed Aphyov's ghost (journeyman HOFi)
  9572 | Orc:1    | Noticed a +0 war axe of chaos
  9681 | Orc:2    | Entered Level 2 of the Orcish Mines
  9719 | Orc:2    | Noticed an orc sorcerer
  9730 | Orc:2    | Killed an orc sorcerer
  9739 | Orc:2    | Found a staircase to the Elven Halls.
  9887 | Orc:2    | Found Numip's Jewellery Boutique.
  9944 | Orc:2    | Reached skill level 10 in Polearms
  9962 | Orc:2    | Noticed a two-headed ogre
  9973 | Orc:2    | Killed a two-headed ogre
 10038 | Orc:2    | Noticed a two-headed ogre
 10046 | Orc:2    | Killed a two-headed ogre
 10047 | Orc:2    | Reached skill level 10 in Axes
 10048 | Orc:2    | Noticed a two-headed ogre
 10051 | Orc:2    | Noticed a deep troll
 10058 | Orc:2    | Noticed an orc high priest
 10059 | Orc:2    | Killed a two-headed ogre
 10062 | Orc:2    | Killed a deep troll
 10068 | Orc:2    | Killed an orc high priest
 10083 | Orc:2    | Noticed an ogre mage
 10096 | Orc:2    | Killed an ogre mage
 10102 | Orc:2    | Noticed a two-headed ogre
 10110 | Orc:2    | Killed a two-headed ogre
 10163 | Orc:2    | Noticed a two-headed ogre
 10172 | Orc:2    | Killed a two-headed ogre
 10177 | Orc:2    | Noticed an ettin
 10184 | Orc:2    | Noticed an orc knight
 10190 | Orc:2    | Killed an ettin
 10191 | Orc:2    | Reached skill level 10 in Fighting
 10191 | Orc:2    | Reached XP level 12. HP: 106/106 MP: 11/11
 10666 | Orc:2    | Noticed a two-headed ogre
 10770 | Orc:1    | Killed a two-headed ogre
 10866 | Orc:1    | Killed Aphyov's ghost
 10897 | Orc:1    | Identified the +10 morningstar "Haramuts" {freeze, *Slow
                  | Int+5 Dex+3}
 11207 | Orc:2    | Noticed a two-headed ogre
 11213 | Orc:2    | Killed a two-headed ogre
 11250 | Orc:2    | Found Yniseur's General Store.
 11255 | Orc:2    | Found Apaesh's Antique Armour Emporium.
 11257 | Orc:2    | Found Qoumm's Antique Weapon Shop.
 11265 | Orc:2    | Found Til Ucw's General Store.
 11270 | Orc:2    | Noticed an ogre mage
 12004 | Orc:2    | Killed an ogre mage
 13222 | Orc:2    | Found a shimmering blue altar of Sif Muna.
 13412 | Lair:1   | Entered Level 1 of the Lair of Beasts
 13525 | Lair:1   | Reached skill level 10 in Shields
 13914 | Orc:2    | Bought a scroll of enchant weapon for 97 gold pieces
 14053 | D:8      | Bought a ring of flight for 227 gold pieces
 14199 | Orc:2    | Bought a pair of embroidered gloves for 225 gold pieces
 14612 | Lair:1   | Reached XP level 13. HP: 100/116 MP: 12/12
 14746 | Lair:1   | Noticed Amaemon
 14753 | Lair:1   | Killed Amaemon
 14754 | Lair:1   | Reached skill level 1 in Evocations
 14831 | Lair:1   | Reached skill level 1 in Maces & Flails
 14861 | Lair:1   | Found the +3 pair of seven-league boots {Rampage+∞}
 15489 | Lair:2   | Noticed Nergalle
 15490 | Lair:2   | Found a staircase to the Swamp.
 15495 | Lair:2   | Killed Nergalle
 16440 | Lair:2   | HP: 4/117 [death yak (19)]
 16726 | Lair:3   | Reached skill level 5 in Maces & Flails
 16826 | Lair:3   | Found a staircase to the Snake Pit.
 16889 | Lair:3   | Identified the +5 quarterstaff of Ilobrawe {freeze, Int+5
                  | Dex+2}
 16997 | Lair:3   | Reached skill level 5 in Armour
 17008 | Lair:3   | Found a hide-covered altar of Uskayaw.
 17061 | Lair:3   | You fall into a shaft and drop 2 floors!
 17061 | Lair:5   | Entered Level 5 of the Lair of Beasts
 17080 | Lair:5   | Reached **** piety under Trog
 17291 | Lair:4   | Reached XP level 14. HP: 124/126 MP: 13/13
 17408 | Lair:4   | Found a viscous altar of Jiyva.
 17410 | Lair:4   | Found a staircase to the Slime Pits.
 17563 | Lair:3   | Noticed Josephine
 17569 | Lair:3   | Killed Josephine
 17570 | Lair:3   | Reached skill level 5 in Dodging
 19271 | Orc:2    | Bought a scroll of teleportation for 39 gold pieces
 19271 | Orc:2    | Bought a scroll of teleportation for 39 gold pieces
 20287 | Lair:5   | Identified the ring of the Briny Deep {Ice SInv}
 20691 | D:11     | Identified the +3 plate armour "Ittomar" {Drain +Inv rC++
                  | Dex+4}
 21251 | D:12     | Identified 2 scrolls of acquirement
 21251 | D:12     | Acquired the ring "Dywk" {Will+ rCorr Str+6 Dex+7 Stlth-}
 21254 | D:12     | Acquired the +9 eveningstar "Deheubli" {protect, *Noise
                  | rPois Will- Stlth+}
 21334 | D:12     | Noticed Rupert
 21342 | D:12     | Killed Rupert
 21655 | D:12     | Noticed a war gargoyle
 21668 | D:12     | Killed a war gargoyle
 21687 | D:12     | Reached skill level 5 in Stealth
 21698 | D:12     | Reached skill level 5 in Evocations
 21714 | D:12     | Noticed a fire giant
 21720 | D:12     | Killed a fire giant
 21721 | D:12     | Reached XP level 15. HP: 85/134 MP: 14/14
 21784 | D:12     | Noticed a fire giant
 21868 | D:12     | Identified the +1 quarterstaff of Chance {flame, Stlth+}
 21883 | D:12     | Killed a fire giant
 21894 | D:12     | Noticed a frost giant
 21904 | D:12     | Killed a frost giant
 22068 | D:12     | Identified the ring of the Ancients {rC+ Str+4}
 22068 | D:12     | Noticed a fire giant
 22096 | D:12     | Killed a fire giant
 22824 | D:13     | Upgraded the game from 0.31-a0-182-gc5ef74bbde to
                  | 0.31-a0-187-gba352fbbf7
 23318 | D:13     | You fall into a shaft and drop 2 floors!
 23318 | D:15     | Entered Level 15 of the Dungeon
 23335 | D:15     | Reached skill level 10 in Maces & Flails
 23454 | D:15     | Found Alume's Distillery.
 23455 | D:15     | Found Huc Ykk's Book Emporium.
 23554 | D:14     | Found a gate to the Vaults.
 23969 | D:13     | Noticed Lodul
 23982 | D:13     | Killed Lodul
 24407 | D:13     | Found a snail-covered altar of Cheibriados.
 24557 | D:8      | Bought a +4 ring of slaying for 1014 gold pieces
 25031 | D:14     | Identified the +9 spear of Figos {venom, Int+3}
 25425 | D:15     | Found a staircase to the Depths.
 25504 | D:15     | Found Liesin's Assorted Antiques.
 25581 | D:15     | Reached ***** piety under Trog
 25609 | D:15     | Found Geza's Weapon Boutique.
 25922 | Elf:1    | Entered Level 1 of the Elven Halls
 26243 | Elf:1    | Paralysed by an air elemental for 1 turns
 29136 | Elf:1    | Reached XP level 16. HP: 138/139 MP: 15/15
 29151 | Elf:1    | Noticed Roxanne
 29165 | Elf:1    | Killed Roxanne
 29618 | Elf:1    | Gained mutation: You expend magic power (3 MP) to
                  | strengthen your wands. [potion of mutation]
 29618 | Elf:1    | Gained mutation: You have a pair of large horns on your
                  | head. [potion of mutation]
 29618 | Elf:1    | Gained mutation: You passively map a small area around you.
                  | [potion of mutation]
 29619 | Elf:1    | Lost mutation: You passively map a small area around you.
                  | [potion of mutation]
 29619 | Elf:1    | Lost mutation: You expend magic power (3 MP) to strengthen
                  | your wands. [potion of mutation]
 29619 | Elf:1    | Lost mutation: You have a pair of large horns on your head.
                  | [potion of mutation]
 29619 | Elf:1    | Gained mutation: Your mind is acute. (Int +4, Str/Dex -1)
                  | [potion of mutation]
 29619 | Elf:1    | Gained mutation: You are robust. (+10% HP) [potion of
                  | mutation]
 29620 | Elf:1    | Lost mutation: Your mind is acute. (Int +4, Str/Dex -1)
                  | [potion of mutation]
 29620 | Elf:1    | Lost mutation: You are robust. (+10% HP) [potion of
                  | mutation]
 29620 | Elf:1    | Gained mutation: You occasionally shout uncontrollably at
                  | your foes. [potion of mutation]
 29621 | Elf:1    | Lost mutation: You occasionally shout uncontrollably at
                  | your foes. [potion of mutation]
 29621 | Elf:1    | Gained mutation: You have hidden genetic potential. [potion
                  | of mutation]
 29621 | Elf:1    | Gained mutation: Your spells are a little harder to cast,
                  | but a little more powerful. [potion of mutation]
 29621 | Elf:1    | Gained mutation: You have very sharp teeth. [potion of
                  | mutation]
 29905 | Elf:1    | Found Paonaffaf's Distillery.
 30003 | Elf:1    | Paralysed by an air elemental for 1 turns
 31640 | Elf:2    | Found a huge runed translucent gate.
 31640 | Elf:2    | Found a huge runed translucent gate.
 31650 | Elf:2    | Found a huge runed translucent gate.
 31651 | Elf:2    | Found a huge runed translucent gate.
 31652 | Elf:2    | Found a huge runed translucent gate.
 31896 | Elf:3    | Entered Level 3 of the Elven Halls
 32047 | Elf:3    | Found Duurghuw's Antique Armour Boutique.
 32057 | Elf:3    | Found Fialaum's General Store.
 32057 | Elf:3    | Paralysed by an air elemental for 1 turns
 32059 | Elf:3    | Noticed Donald
 32063 | Elf:3    | Found Niucif Pusa's Magic Scroll Shop.
 32075 | Elf:3    | Killed Donald
 32334 | Elf:3    | Found Ofiuq's Distillery.
 32360 | Elf:3    | Reached skill level 15 in Fighting
 32556 | D:15     | Bought a bone arbalest for 361 gold pieces
 32556 | D:15     | Identified the +11 arbalest of Linearity {heavy, rC+ rN++}
                  | (You bought it in a shop on level 15 of the Dungeon)
 32819 | Elf:3    | Identified the +7 great sword "Vituwie" {venom, Str+5
                  | Int-3}
 33082 | Elf:3    | Received a gift from Trog
 33422 | Elf:3    | HP: 5/141 [deep elf zephyrmancer/bolt of lightning (11)]
 33884 | Elf:3    | Reached XP level 17. HP: 60/152 MP: 16/16
 34411 | D:4      | Killed Moral's ghost
 34476 | D:5      | Killed Crazy Yiuf
 34565 | D:7      | Killed olmar's ghost
 34725 | Swamp:1  | Entered Level 1 of the Swamp
 35020 | Lair:2   | Gained mutation: You have sharp toenails. [hidden
                  | potential]
 35268 | Lair:2   | Lost mutation: You have hidden genetic potential. [potion
                  | of mutation]
 35268 | Lair:2   | Lost mutation: Your spells are a little harder to cast, but
                  | a little more powerful. [potion of mutation]
 35268 | Lair:2   | Lost mutation: You have very sharp teeth. [potion of
                  | mutation]
 35268 | Lair:2   | Gained mutation: You have a somewhat thin skeletal
                  | structure. (Dex +2, Stealth+) [potion of mutation]
 35268 | Lair:2   | Gained mutation: You are frail. (-10% HP) [potion of
                  | mutation]
 35268 | Lair:2   | Gained mutation: Your spells are a little harder to cast,
                  | but a little more powerful. [potion of mutation]
 36073 | Swamp:1  | Paralysed by a fenstrider witch for 5 turns
 36078 | Swamp:1  | Reached skill level 15 in Ranged Weapons
 37900 | Swamp:2  | Noticed Louise
 37920 | Swamp:2  | HP: 4/142 [Louise/stone arrow (7)]
 37922 | Swamp:2  | Slain by a tyrant leech

Illustrated notes

Levels and vault maps discovered:
D:1:      onia_arrival_zoo_common, layout_basic
D:2:      layout_basic, uniq_jessica
D:3:      layout_basic, nzn_wu_jian_contemplation,
          mainiacjoe_overflow_surrounded_room
D:4:      layout_cave_pools, nicolae_gozag_seed_capital, xom_butterflies,
          gammafunk_ghost_icy
D:5:      layout_gridville, temple_statues, uniq_crazy_yiuf_cottage
D:6:      layout_gridville, minitemple, hangedman_decor_slide_cut,
          kennysheep_generic_room_10
D:7:      layout_cave_pools, ebering_ghost_reflecting_pool, uniq_duvessa
D:8:      layout_loops_ring, grunt_temple_overflow_open, serial_shops,
          nicolae_shop_real_fake_doors, gammafunk_ghost_grave, uniq_grum
D:9:      layout_gridville, serial_bayou_pond_c, hive_lemuel, uniq_psyche
D:10:     layout_rooms, mainiacjoe_overflow_alcove_2, lair_entry_dummy,
          orc_0_dummy
D:11:     layout_grid_maze, grunt_ministairs_6
D:12:     minmay_tearing_corner, layout_long_grid, uniq_rupert
D:13:     layout_stronghold, kennysheep_cross_room, slow_altar_2, uniq_lodul
D:14:     layout_rooms, erik_vaults_1, chequers_serial_rivers_room_a
D:15:     grunt_enter_depths_giant_problem, layout_basic, serial_shops, shop,
          nicolae_shop_advertising_works [nicolae_subvault_shop_adworks], shop,
          nicolae_shop_statue_plus
Lair:1:   layout_gridlike, hellmonk_guarded_unrand_seven_league_boots,
          uniq_amaemon
Lair:2:   layout_regular_city, minmay_swamp_entry_reptiles,
          portal_ice_cave_entry_imps, worms_lemuel, uniq_nergalle
Lair:3:   layout_long_grid, minmay_snake_entry_guardpost_small, basic_altar,
          serial_bayou_crossing, uniq_josephine
Lair:4:   layout_roguey, nicolae_slime_entry_field_trip
Lair:5:   grunt_lair_end_beastmaster, layout_cave_pods, kennysheep_rathole
Swamp:1:  layout_basic_swamp, evilmike_swamp_ruin_house_2, swamp_pool1,
          st_swamp_ruins_1
Swamp:2:  layout_falls_marsh, serial_swamp_ruin, evilmike_swamp_ruin_house_3,
          evilmike_swamp_ruin_house_1, uniq_louise
Orc:1:    layout_caves, ebering_ghost_xom
Orc:2:    st_orc_open, layout_caves, serial_shops,
          nicolae_shop_just_a_little_nook, basic_altar, led_sif_book
Elf:1:    layout_rooms, serial_shops, nicolae_shop_industrial_runoff,
          evilmike_minifort, uniq_roxanne
Elf:2:    elven_hall_of_blades_hangedman_alternative
          [nicolae_blade_entry_diamond_columns], layout_geoelf_octagon,
          lemuel_elevator
Elf:3:    minmay_elf_hall, layout_geoelf_castle, serial_shops, bzr_firewalk,
          shop_scrolls, nicolae_shop_stone, shop, nicolae_shop_tiny_waterfront,
          nicolae_letterblocks [nicolae_letter_subblock,
          nicolae_letter_subblock, nicolae_letter_subblock,
          nicolae_letter_subblock, nicolae_letter_subblock,
          nicolae_letter_subblock, nicolae_letter_subblock,
          nicolae_letter_subblock, nicolae_letter_subblock,
          nicolae_letter_subblock, nicolae_letter_subblock,
          nicolae_letter_subblock, nicolae_letter_subblock,
          nicolae_letter_subblock, nicolae_letter_subblock,
          nicolae_letter_subblock, nicolae_letter_subblock,
          nicolae_letter_subblock, nicolae_letter_subblock,
          nicolae_letter_subblock, nicolae_letter_subblock,
          nicolae_letter_subblock, nicolae_letter_subblock,
          nicolae_letter_subblock, nicolae_letter_subblock], uniq_donald

Skill      XL: |  1  2  3  4  5  6  7  8  9 10 11 12 13 14 15 16 17 |
---------------+----------------------------------------------------+-----
Axes           | 4 5 6 7 8 9 10 11 12 | 12.8
Stealth        | 1 3 5 6 7 |  7.8
Fighting       | 4 5 6 7 8 10 11 12 14 15 | 15.8
Ranged Weapons | 1 2 3 4 5 6 8 9 11 13 14 15 | 15.4
Shields        | 1 2 3 5 6 7 8 10 11 | 11.6
Polearms       | 3 5 7 9 11 12 | 12.2
Evocations     | 3 5 6 7 |  7.8
Armour         | 5 7 8 9 |  9.4
Maces & Flails | 5 9 12 14 | 14.1
Dodging        | 4 6 8 9 |  9.8

Action                     |  1- 3 |  4- 6 |  7- 9 | 10-12 | 13-15 | 16-18 || total
---------------------------+-------+-------+-------+-------+-------+-------++-------
  Melee: Hand axe          |    60 |    24 |       |       |       |       ||    84
         Headbutt          |    12 |    17 |    33 |    91 |   242 |    96 ||   491
         War axe           |       |    82 |    34 |       |       |       ||   116
         Demon trident     |       |       |   167 |   534 |       |       ||   701
         Morningstar       |       |       |       |    26 |   613 |       ||   639
         Eveningstar       |       |       |       |       |   379 |   372 ||   751
         Bite              |       |       |       |       |       |    36 ||    36
         Punch             |       |       |       |       |       |     2 ||     2
   Fire: Sling             |    31 |    65 |    18 |    25 |     4 |       ||   143
         Arbalest          |       |       |       |       |       |    74 ||    74
  Throw: Boomerang         |       |       |     8 |    54 |     7 |       ||    69
         Dart              |       |       |       |     4 |     2 |       ||     6
 Invoke: Berserk           |     1 |     1 |     5 |     7 |    13 |    10 ||    37
         Trog's Hand       |       |       |     5 |    40 |    21 |    16 ||    82
Ability: Evoke Invisibilit |       |       |       |       |       |     1 ||     1
  Evoke: Piece from Xom's  |       |       |     3 |     5 |       |       ||     8
         Wand              |       |       |       |    12 |     7 |     7 ||    26
         Condenser vane    |       |       |       |       |     1 |     1 ||     2
    Use: Scroll            |       |     2 |    11 |     8 |    12 |     3 ||    36
         Potion            |       |       |       |     1 |     9 |    10 ||    20
   Stab: Sleeping          |     4 |       |       |       |       |       ||     4
         Distracted        |       |       |     1 |       |     1 |       ||     2
         Invisible         |       |       |       |       |     3 |     6 ||     9
 Armour: Animal skin       |    19 |     2 |       |       |       |       ||    21
         Ring mail         |       |    25 |       |       |       |       ||    25
         Robe              |       |     2 |    14 |       |       |       ||    16
         Chain mail        |       |       |    13 |    34 |       |       ||    47
         Plate armour      |       |       |       |   122 |   449 |   151 ||   722
  Dodge: Dodged            |    24 |    26 |    40 |    83 |   228 |   182 ||   583
  Block: Tower shield      |    10 |   126 |   173 |   438 |  1097 |   168 ||  2012
         Reflection        |       |     2 |    13 |    34 |    23 |    53 ||   125
         Other             |       |       |       |       |       |    10 ||    10

Table legend: (Time is in decaauts)
 A = Elapsed time spent in this place.
 B = Non-inter-level travel time spent in this place.
 C = Inter-level travel time spent in this place.
 D = Time resting spent in this place.
 E = Time spent auto-exploring this place.
 F = Levels seen in this place.
 G = Mean time per level.
                   A        B        C        D        E       F      G
               +--------+--------+--------+--------+--------+-----+--------+
         Total |  38653 |  35823 |   2830 |  15640 |  13976 |  27 | 1431.6 |
       Dungeon |  16295 |  14568 |   1727 |   3059 |   8789 |  15 | 1086.3 |
          Lair |   7244 |   6728 |    516 |   2088 |   3276 |   5 | 1448.8 |
         Swamp |   2805 |   2805 |      0 |   2096 |    450 |   2 | 1402.5 |
  Orcish Mines |   4365 |   3925 |    440 |   2509 |    587 |   2 | 2182.5 |
   Elven Halls |   7942 |   7796 |    146 |   5887 |    873 |   3 | 2647.3 |
               +--------+--------+--------+--------+--------+-----+--------+

Top non-repeatable levels by time:
   Elf:1: 5277 daAuts
   Orc:2: 3746 daAuts
 Swamp:1: 2493 daAuts
  Lair:2: 2129 daAuts
    D:12: 1778 daAuts
   Elf:3: 1562 daAuts
     D:8: 1552 daAuts
  Lair:1: 1510 daAuts
  Lair:5: 1458 daAuts
    D:13: 1425 daAuts
    D:10: 1388 daAuts
     D:9: 1346 daAuts
     D:6: 1228 daAuts
  Lair:4: 1121 daAuts
   Elf:2: 1102 daAuts
